 Dungeon Crawl Stone Soup version 0.31-a0-542-gdc2a67831c (webtiles) character file.

Game seed: 17722449337643246059

1 GordonOverkill the Sneak (level 1, 0/11 HPs)
             Began as a Vine Stalker Delver on Aug 14, 2023.
             Succumbed to an adder's poison
             ... on level 5 of the Dungeon.
             The game lasted 00:00:29 (75 turns).

GordonOverkill the Sneak (Vine Stalker Delver)        Turns: 75, Time: 00:00:30

Health: 0/11       AC:  3    Str: 14    XL:     1   Next: 20%
Magic:  1/2        EV: 11    Int: 10    God:
Gold:   22         SH:  0    Dex: 15    Spells: 0/0 levels left

rFire   . . .        a - +0 mace
rCold   . . .        (no shield)
rNeg    . . .        b - +0 leather armour
rPois   .            (no helmet)
rElec   .            (no cloak)
rCorr   .            (no gloves)
SInv    .            (no boots)
Will    .....        (no amulet)
Stlth   +++          (no ring)
HPRegen 0.21/turn    (no ring)
MPRegen 0.08/turn

%: guardian spirit
@: lethally poisoned (0 -> -4)
A: fangs 2, magic shield, antimagic bite, no potion heal 2
a: no special abilities


You were on level 5 of the Dungeon.
You visited 1 branch of the dungeon, and saw 2 of its levels.

You collected 22 gold pieces.

Inventory:

Hand Weapons
 a - a +0 mace (weapon)
Armour
 b - a +0 leather armour (worn)
Wands
 g - a wand of digging (3)
Scrolls
 c - a scroll of fog
 d - a scroll of revelation
 e - a scroll of fear
 j - a scroll of immolation {unknown}
Potions
 f - a potion of haste
 h - a potion of attraction {unknown}
 i - a potion of magic {unknown}


   Skills:
 + Level 2.8 Fighting
 - Level 1.7 Maces & Flails
 - Level 1.5 Dodging
 - Level 6.0 Stealth


You couldn't memorise any spells.
You didn't know any spells.
Your spell library was empty.

Dungeon Overview and Level Annotations

Branches:
Dungeon (5/15)
 Temple: D:4-7

Altars:


Innate Abilities, Weirdness & Mutations

You have extremely sharp teeth.
When hurt, damage is shared between your health and your magic reserves.
Your bite disrupts and absorbs the magic of your enemies.
Potions cannot restore your health.


Message History

There is a stone staircase leading up here.
You miss the quokka. Your bite misses the quokka. The quokka bites you.
The quokka closely misses you.
You hit the quokka but do no damage. You bite the quokka. You drain its power.
The quokka is moderately wounded.
The quokka closely misses you.
You closely miss the quokka. You bite the quokka. You drain its power.
The quokka is heavily wounded.
The quokka bites you but does no damage.
The quokka misses you.
You hit the quokka.
The quokka is severely wounded.
The quokka barely misses you. The quokka bites you.
You hit the quokka. You bite the quokka.
You kill the quokka!
An adder comes into view.
An adder is nearby!
The helpless adder fails to defend itself.
You hit the adder.
The adder is lightly wounded.
The adder bites you. The adder closely misses you.
You hit the adder.
The adder is moderately wounded.
The adder bites you.
* * * LOW HITPOINT WARNING * * *
The adder bites you but does no damage.
You barely miss the adder. You bite the adder. You drain its power.
The adder is moderately wounded.
The adder bites you.
* * * LOW HITPOINT WARNING * * *
You are lethally poisoned!
The adder poisons you! The adder bites you.
* * * LOW HITPOINT WARNING * * *
You miss the adder. You bite the adder, but do no damage.
The adder is moderately wounded.
* * * LOW HITPOINT WARNING * * *
You feel sick. The adder bites you but does no damage.
You hit the adder but do no damage.
The adder is moderately wounded.
You die...

#.# #.# #.#
#.# #.#
###.##
#...<#
#.#.##
#@#.# #S#.#
####.#.#
.l#.
.....#.####
#...#
#......#
....
#.#.##.#
...####
#.#.##.#
.....#
#.#.##.#
#....#
#.##.#


You could see an adder.

Vanquished Creatures
  A quokka (D:5)
1 creature vanquished.

Notes
Turn   | Place    | Note
-------+----------+-------------------------------------------
     0 | D:5      | GordonOverkill the Vine Stalker Delver began the quest for
                  | the Orb.
     0 | D:5      | Reached XP level 1. HP: 11/11 MP: 2/2
    12 | D:5      | Noticed an iguana
    56 | D:4      | Noticed a sky beast
    75 | D:5      | Succumbed to an adder's poison

Illustrated notes

Levels and vault maps discovered:
D:4:      layout_loops_corners, nicolae_sif_muna_condensation,
          nicolae_dithmenos_shadow_blocks, st_stairs_1, uniq_eustachio,
          uniq_ijyb
D:5:      layout_basic, nicolae_yredelemnul_corpse_copse,
          mainiacjoe_overflow_brackets, gammafunk_ghost_gnarly_gnolls,
          uniq_prince_ribbit1

Action                     || total
---------------------------++-------
  Melee: Mace              ||    10
         Bite              ||     5
   Stab: Sleeping          ||     1
 Armour: Leather armour    ||     3
  Dodge: Dodged            ||     6

Table legend: (Time is in decaauts)
 A = Elapsed time spent in this place.
 B = Non-inter-level travel time spent in this place.
 C = Inter-level travel time spent in this place.
 D = Time resting spent in this place.
 E = Time spent auto-exploring this place.
 F = Levels seen in this place.
 G = Mean time per level.
                   A        B        C        D        E       F      G
               +--------+--------+--------+--------+--------+-----+--------+
         Total |     78 |     78 |      0 |      0 |      0 |   2 |   39.0 |
       Dungeon |     78 |     78 |      0 |      0 |      0 |   2 |   39.0 |
               +--------+--------+--------+--------+--------+-----+--------+

Top non-repeatable levels by time:
     D:5: 73 daAuts
     D:4: 4 daAuts
